 Dungeon Crawl Stone Soup version 0.18-a0-822-gb52b7b4 (webtiles) character file.

983 4thArraOfDagon the Covert (level 7, -7/35 HPs)
             Began as a Felid Fighter on Dec 16, 2015.
             Was a Follower of Makhleb.
             Mangled by a hill giant
             ... wielding a +0 giant spiked club
              (42 damage)
             ... on level 11 of the Dungeon.
             The game lasted 00:12:45 (2321 turns).

4thArraOfDagon the Covert (Felid Fighter)           Turns: 2321, Time: 00:12:45

Health: -7/35      AC:  3    Str: 12    XL:     7   Next: 96%
Magic:  3/7        EV: 24    Int: 10    God:    Makhleb [*.....]
Gold:   149        SH:  0    Dex: 19    Spells: 1 memorised, 2 levels left
                                        Lives:  0   Deaths: 2

rFire  . . .     SeeInvis +       - Unarmed
rCold  . . .     Gourm    .     (armour unavailable)
rNeg   . . .     Faith    .     (shield unavailable)
rPois  .         Spirit   .     (helmet unavailable)
rElec  .         Dismiss  .     (cloak unavailable)
rCorr  .         Reflect  .     (gloves unavailable)
SustAt .         Harm     .     (boots unavailable)
MR     +....                    (no amulet)
Stlth  +++++.....               (no ring)
                                (no ring)

@: quick, somewhat resistant to hostile enchantments, quite stealthy
A: no armour, no weapons or thrown items, claws 1, fangs 3, rugged brown scales
1, see invisible, agile 1, carnivore 3, speed 1, low mp 1, shaggy fur 2, slow
metabolism 1, MP-powered wands, sharp paws
a: Renounce Religion


You were on level 11 of the Dungeon.
You worshipped Makhleb.
Makhleb was aware of your devotion.
You were very full.

You visited 2 branches of the dungeon, and saw 12 of its levels.

You collected 149 gold pieces.

Inventory:

Wands
 m - a wand of confusion (15)
 o - a wand of magic darts (29)
 s - a wand of fireball (6)
Scrolls
 c - 2 scrolls of amnesia {unknown}
 g - 3 scrolls of remove curse
 n - 2 scrolls of teleportation
 r - a scroll of blinking {unknown}
Potions
 a - a potion of invisibility
 d - a potion of curing
 e - a potion of brilliance {unknown}
 f - 2 potions of heal wounds {unknown}
 h - 4 potions of lignification {unknown}
 i - a potion of flight {unknown}
 j - 3 potions of mutation {unknown}
 l - 2 potions of ambrosia
 t - a potion of might
Books
 q - a book of Burglary

   Spells                             Type                      Level
   a - Swiftness                      Charms/Air                   2
   b - Passwall                       Transmutation/Earth          3
   c - Passage of Golubria            Translocation                4
   d - Lee's Rapid Deconstruction     Earth                        5
   e - Darkness                       Hexes                        6
   f - Invisibility                   Hexes                        6
Comestibles
 b - 2 meat rations
 k - a slice of pizza
 p - a royal jelly


   Skills:
 + Level 5.6 Fighting
 + Level 7.3 Dodging
 + Level 9.0 Stealth
 * Level 7.9 Unarmed Combat


You had 2 spell levels left.
You knew the following spells:

 Your Spells              Type           Power        Failure   Level  Hunger
a - Passage of Golubria   Tloc           N/A          100%        4    #####..


Dungeon Overview and Level Annotations

Branches:
Dungeon (11/15)            Temple (1/1) D:5            Lair (0/8) D:8
    Orc: D:9-12

Altars:
Ashenzari
Dithmenos
Elyvilon
Fedhas
Kikubaaqudgha
Makhleb
Okawaru
Pakellas
Qazlal
Sif Muna
Trog
Vehumet
Xom
Zin
The Shining One


Innate Abilities, Weirdness & Mutations

You cannot wear armour.
You are incapable of wielding weapons or throwing items.
You have sharp claws.
You have razor-sharp teeth.
You have supernaturally acute eyesight.
You are carnivorous and can eat meat at any time.
You cover ground quickly.
You are covered in thick fur (AC +2).
You have a slow metabolism.
Your sharp claws are effective at attacking unaware monsters.
You are partially covered in rugged brown scales (AC +1, +3% HP).
You are agile. (Dex +2)
Your magical capacity is low (-10% MP).
You expend magic power (3 MP) to strengthen your wands.


Message History

A hill giant comes into view. It is wielding a giant spiked club.
Found a spear.
There is a stone staircase leading up here.
You see here a spear.
Unknown command.
Unknown command.
Unknown command.
Unknown command.
Unknown command.
Unknown command.
The helpless hill giant fails to defend itself.
You eviscerate the hill giant!!!
The hill giant is almost dead.
The hill giant closely misses you.
Unknown command.
You barely miss the hill giant.
The hill giant is almost dead.
The hill giant hits you with a giant spiked club!!!
Ouch! That really hurt!
You die...

#..#
#..#
#.<#
#.)#
#..#
#..#
#..#
#..#
#@.#
#.C#
#....
.......
########


You could see a hill giant.

Vanquished Creatures
  Pikel (D:4)
  A fire drake (D:8)
  2 black bears
  A sky beast (D:8)
  2 slaves (D:4)
  An ice beast (D:10)
  An ogre (D:8)
  A centaur (D:8)
  A big kobold (D:8)
  A scorpion (D:8)
  A killer bee (D:7)
  The ghost of Raultor the Ruffian, a weakling DrTm (D:4)
  2 crimson imps
  An orc priest (D:7)
  A hound (D:6)
  An orc wizard (D:7)
  A centaur skeleton (D:7)
  An iguana (D:8)
  5 worker ants
  4 adders
  3 gnolls (D:5)
  A river rat (D:5)
  An ooze (D:1)
  An adder zombie (D:6)
  2 worms (D:2)
  A giant gecko (D:5)
  5 orcs
  2 ball pythons
  A bat (D:1)
  2 goblins (D:3)
  2 hobgoblins (D:1)
  4 jackals (D:1)
  5 kobolds
  2 giant cockroaches
  A giant gecko skeleton (D:8)
  3 giant newts
  A quokka zombie (D:6)
  5 rats
72 creatures vanquished.

Vanquished Creatures (others)
  A worker ant (D:5)
1 creature vanquished.

Grand Total: 73 creatures vanquished

Notes
Turn   | Place    | Note
--------------------------------------------------------------
     0 | D:1      | 4thArraOfDagon the Felid Fighter began the quest for the Orb.
     0 | D:1      | Reached XP level 1. HP: 10/10 MP: 2/2
    48 | D:1      | Reached skill level 1 in Stealth
    80 | D:1      | Reached XP level 2. HP: 14/14 MP: 3/3
   258 | D:2      | Reached XP level 3. HP: 17/17 MP: 4/4
   511 | D:4      | Noticed Raultor's ghost (weakling DrTm)
   535 | D:4      | Killed Raultor's ghost
   535 | D:4      | Reached skill level 5 in Stealth
   535 | D:4      | Reached XP level 4. HP: 14/21 MP: 5/5
   651 | D:5      | Entered Level 5 of the Dungeon
   669 | D:5      | Reached skill level 6 in Stealth
   669 | D:5      | Reached XP level 5. HP: 14/24 MP: 6/6
   686 | D:5      | Noticed a slave
   686 | D:5      | Noticed a slave
   820 | D:6      | Noticed an orc warrior
   891 | D:7      | Slain by a centaur skeleton
   892 | D:7      | Reached XP level 4. HP: 0/21 MP: 5/5
   927 | D:7      | Reached XP level 5. HP: 16/24 MP: 6/6
   976 | D:7      | Found a glowing silver altar of Zin.
  1025 | D:7      | Reached skill level 5 in Unarmed Combat
  1129 | D:7      | Noticed a sky beast
  1202 | D:5      | Noticed a slave
  1204 | D:5      | Noticed a slave
  1211 | D:5      | Found a staircase to the Ecumenical Temple.
  1212 | D:5      | Noticed Pikel
  1275 | D:4      | Killed a slave
  1283 | D:4      | Killed a slave
  1417 | Temple   | Entered the Ecumenical Temple
  1484 | Temple   | :)
  1495 | Temple   | Became a worshipper of Makhleb the Destroyer
  1562 | D:4      | Killed Pikel
  1562 | D:4      | Reached skill level 5 in Dodging
  1562 | D:4      | Reached skill level 7 in Stealth
  1562 | D:4      | Gained mutation: You are covered in thick fur (AC +2). [Felid growth]
  1562 | D:4      | Reached XP level 6. HP: 26/28 MP: 7/7
  1562 | D:4      | Reached XP level 7. HP: 29/32 MP: 8/8
  1857 | D:8      | Found a staircase to the Lair.
  1859 | D:8      | Noticed a fire drake
  1881 | D:8      | Killed a fire drake
  1881 | D:8      | Reached * piety under Makhleb
  1881 | D:8      | Reached skill level 5 in Fighting
  1881 | D:8      | Reached skill level 8 in Stealth
  1881 | D:8      | Reached XP level 8. HP: 19/37 MP: 9/9
  1885 | D:8      | Found a blossoming altar of Fedhas.
  2172 | D:9      | Noticed a cyan ugly thing
  2191 | D:9      | Slain by a cyan ugly thing
  2192 | D:9      | Reached XP level 7. HP: -2/33 MP: 8/8
  2214 | D:9      | Learned a level 4 spell: Passage of Golubria
  2223 | D:9      | Found a white marble altar of Elyvilon.
  2225 | D:9      | Gained mutation: You expend magic power (3 MP) to strengthen your wands. [mutagenic meat]
  2226 | D:9      | Gained mutation: You are partially covered in rugged brown scales (AC +1, +3% HP). [mutagenic meat]
  2228 | D:9      | Gained mutation: Your magical capacity is low (-10% MP). [mutagenic meat]
  2229 | D:9      | Gained mutation: You are agile. (Dex +2) [mutagenic meat]
  2237 | D:10     | Entered Level 10 of the Dungeon
  2296 | D:10     | Reached skill level 9 in Stealth
  2313 | D:11     | Noticed a hill giant
  2321 | D:11     | Mangled by a hill giant

Vault maps used:
D:1:      scummos_arrival_gate
D:2:      lemuel_upstairs_altar, nicolae_overflow_crystal_walls,
          yredelemnul_altar_generic, minmay_rats_cheesy_pizza
D:3:      first_bread
D:4:      kennysheep_mini, serial_shops, nicolae_shop_waterfront, shop,
          nicolae_shop_waterfront, nicolae_shop_crystal
D:5:      nicolae_ru_the_path_less_chosen, minmay_temple_entry_hall,
          gup_sewer_entry_bowl, uniq_pikel
D:6:      uniq_crazy_yiuf_cottage, uniq_blork_the_orc, uniq_menkaure
D:7:      lemuel_round_altar, zin_academy, trog_ov_bears_minmay
D:8:      fedhas_altar_1, minmay_lair_entry_lava
D:9:      elyvilon_altar_5
D:10:     hiddenorc1_lemuel, serial_shops, shop_statue
Temple:   chambers_temple_12

Action                   |  1- 3 |  4- 6 |  7- 9 || total
-------------------------+-------+-------+-------++-------
Melee: Unarmed           |    36 |    50 |   118 ||   204
Evoke: Wand              |     3 |    29 |    14 ||    46
  Use: Potion            |     1 |     3 |       ||     4
       Scroll            |     5 |     8 |       ||    13
 Stab: Sleeping          |     8 |     6 |    10 ||    24
       Confused          |     2 |     9 |     4 ||    15
       Distracted        |       |       |     2 ||     2
  Eat: Chunk             |     4 |     8 |    12 ||    24
